Map: Dusk Towers

Players

xKawaiian - Winner!

  • Race: Terran Terran
  • League: Master

Bioice

  • Race: Zerg Zerg
  • League: Grandmaster

VOD

Have the link to the VOD?

Description

Time

  • Played on: Jan. 9, 2016, 5:42 p.m.
  • Length: 10:41
Show
View Real Time Build Order
Export as new Build Order

xKawaiian Terran - Winner!

Build Orders: Reaper Expand, Bio Tank, MMM Bio 

Get SALT Encoding   

  12  0:00  SCV  
  13  0:13  SCV  
  14  0:17  Supply Depot  
  14  0:25  SCV  
  15  0:39  SCV  
  15  0:40  Barracks  
  16  0:46  Refinery  
  16  0:51  SCV  
  17  1:03  SCV  
  18  1:15  SCV  
  19  1:27  Orbital Command  
  19  1:29  Reaper  
  20  1:40  Command Center  
  20  1:51  Supply Depot  
  20  1:53  SCV  
  21  2:01  Barracks Reactor  
  21  2:05  SCV  
  21  2:06  Barracks  
  22  2:18  SCV, Barracks  
  23  2:30  SCV  
  24  2:40  Marine x2  
  24  2:42  SCV  
  27  2:53  Orbital Command  
  27  2:54  SCV, Barracks Tech Lab  
  28  3:00  Marine x2  
  30  3:06  SCV, Refinery, Marine  
  30  3:07  Factory  
  32  3:15  Stimpack  
  32  3:18  SCV, Marine  
  34  3:20  SCV  
  35  3:28  Marine x2  
  35  3:30  SCV  
  35  3:32  SCV  
  39  3:35  Marine  
  40  3:42  SCV  
  40  3:44  SCV, Marine  
  40  3:46  Marine  
  43  3:48  Marine  
  43  3:52  Starport, Factory Reactor  
  43  3:54  SCV  
  45  3:56  SCV  
  45  3:57  Supply Depot  
  45  3:58  Supply Depot  
  46  4:08  Supply Depot  
  46  4:19  SCV x2, Marine x4  
  52  4:31  Supply Depot, SCV x2  
  52  4:35  Medivac x2  
  52  4:37  Marine x3  
  61  4:42  Command Center  
  61  4:43  SCV x2  
  61  4:45  Marine  
  64  4:48  Factory Reactor  
  64  4:49  Factory Tech Lab  
  64  4:54  Supply Depot  
  64  4:55  SCV x2  
  64  4:59  Supply Depot, Marine  
  68  5:01  Barracks Reactor  
  68  5:03  Marine x2  
  69  5:07  SCV x2  
  71  5:15  Refinery  
  71  5:16  Refinery  
  71  5:17  Siege Tank  
  71  5:19  SCV  
  71  5:20  SCV  
  76  5:22  Marine x2  
  76  5:23  Combat Shields  
  78  5:30  Marine  
  78  5:31  Supply Depot  
  78  5:32  SCV x2  
  81  5:37  Marine  
  81  5:40  Marine x2  
  84  5:44  SCV x2  
  84  5:47  Engineering Bay, Marine  
  84  5:48  Engineering Bay, Marine  
  88  5:55  Marine  
  89  5:58  Marine x2  
  89  5:59  Medivac x2  
  93  6:05  Marine  
  93  6:06  Marauder  
  93  6:15  Marine  
  90  6:19  Marine  
  90  6:20  Terran Infantry Weapons Level 1, Terran Infantry Armor Level 1  
  90  6:23  Marine  
  90  6:24  Barracks  
  86  6:28  Marauder  
  86  6:30  Medivac  
  86  6:31  Marine  
  86  6:35  Barracks  
  86  6:36  Marine  
  86  6:37  Marine  
  86  6:38  SCV x2  
  90  6:41  Marine  
  90  6:44  Medivac  
  93  6:49  Marine, Marauder  
  93  6:53  SCV, Armory, Marine  
  98  6:55  Marine  
  98  6:59  SCV  
  100  7:02  Orbital Command  
  100  7:03  Marine  
  100  7:07  Marine  
  102  7:08  Siege Tank  
  102  7:11  Marine, Concussive Shells, Marauder  
  108  7:22  Marine  
  109  7:29  SCV  
  107  7:32  Marauder  
  107  7:33  Barracks Reactor, Barracks Tech Lab, Marine  
  107  7:35  Supply Depot  
  110  7:37  Marine  
  110  7:38  Supply Depot  
  110  7:39  SCV  
  110  7:40  Siege Tank  
  110  7:41  Marine  
  116  7:46  Marine  
  117  7:56  Marauder, Medivac x2, Marine x2  
  125  8:00  Supply Depot, Marine  
  125  8:02  Supply Depot  
  125  8:03  Supply Depot  
  125  8:04  Supply Depot  
  125  8:05  Supply Depot, Marine x2  
  126  8:10  Marine  
  126  8:11  Supply Depot  
  126  8:12  Supply Depot, Marine  
  130  8:13  Supply Depot  
  130  8:14  Marauder, Marine  
  133  8:22  Marauder  
  133  8:24  Marine  
  133  8:25  Siege Tank  
  135  8:36  Marine, Marauder  
  135  8:37  Marine x2  
  140  8:43  Marauder, Marine x3  
  138  8:48  Medivac  
  138  8:54  Marine  
  138  8:55  Marine  
  136  8:57  Reaper, Siege Tank, Marauder  
  136  8:59  Command Center  
  136  9:00  Marine  
  136  9:01  Marine  
  137  9:06  Orbital Command  
  127  9:12  Marine x2  
  127  9:13  Marine  
  127  9:15  Marine  
  129  9:18  Marine  
  106  9:24  Marine x2  
  106  9:29  Siege Tank, Marine  
  106  9:30  SCV x2, Marine  
  107  9:38  SCV  
  108  9:39  Marine x2  
  108  9:42  SCV  
  111  9:46  Marine  
  111  9:47  Marine  
  111  9:52  Marine x3  
  114  9:55  Marine  
  114  9:57  Marine x2  
  117  10:04  Marine x2  
  112  10:08  SCV  
  112  10:10  SCV x2  
  115  10:18  Marine x5  
Show
View Real Time Build Order
Export as new Build Order

Bioice Zerg 

Build Orders: Hatch First 

Get SALT Encoding   

  12  0:01  Drone  
  13  0:08  Drone  
  14  0:15  Extractor  
  14  0:16  Drone  
  14  0:23  Drone, Extractor  
  16  0:29  Overlord  
  16  0:49  Hatchery  
  15  0:53  Drone  
  15  0:56  Drone  
  17  0:59  Drone  
  18  1:07  Extractor  
  17  1:15  Spawning Pool  
  16  1:18  Drone  
  16  1:21  Drone  
  18  1:27  Drone  
  19  1:39  Overlord  
  19  1:49  Drone  
  20  2:00  Drone  
  21  2:02  Queen x2  
  21  2:03  Zergling x2  
  26  2:10  Zergling x2  
  26  2:11  Metabolic Boost  
  26  2:13  Drone  
  28  2:21  Drone  
  29  2:24  Overlord  
  29  2:40  Queen  
  29  2:41  Drone x2  
  29  2:43  Drone  
  33  2:47  Drone  
  34  2:53  Drone  
  34  2:55  Overlord  
  35  3:04  Overlord  
  35  3:06  Drone  
  35  3:10  Drone x2  
  35  3:11  Drone  
  35  3:12  Drone x2  
  41  3:13  Drone  
  41  3:19  Zergling x4  
  44  3:33  Drone x2  
  46  3:38  Drone  
  47  3:43  Drone  
  47  3:45  Hatchery  
  47  3:48  Drone x3  
  48  3:50  Drone x2  
  52  3:55  Roach Warren  
  52  3:56  Overlord  
  51  4:04  Queen  
  51  4:05  Extractor  
  52  4:10  Extractor  
  52  4:11  Queen  
  52  4:12  Extractor  
  52  4:14  Drone  
  52  4:15  Drone x2  
  55  4:21  Drone  
  55  4:22  Drone x4  
  60  4:31  Spore Crawler x2  
  59  4:33  Drone x2  
  60  4:40  Overlord x2  
  60  4:48  Lair  
  60  4:51  Overlord x2  
  60  4:59  Roach x4  
  68  5:02  Drone x4  
  72  5:07  Baneling Nest  
  72  5:08  Drone x2  
  72  5:11  Drone  
  72  5:14  Evolution Chamber x2  
  73  5:15  Drone  
  73  5:19  Overlord  
  73  5:22  Drone, Ravager  
  73  5:23  Ravager x2  
  73  5:26  Drone x3  
  80  5:30  Overlord  
  80  5:31  Drone x4  
  84  5:38  Drone x3  
  84  5:39  Drone  
  87  5:42  Zerg Melee Weapons Level 1  
  87  5:43  Zerg Ground Armor Level 1  
  87  5:44  Drone  
  88  5:51  Spore Crawler  
  88  5:55  Zergling x6  
  70  6:07  Zergling x16  
  68  6:31  Drone x7  
  75  6:34  Queen  
  75  6:38  Centrifical Hooks  
  77  6:41  Drone x2  
  77  6:45  Baneling x6  
  79  6:49  Drone x2  
  79  6:50  Drone  
  79  6:51  Hatchery  
  79  6:53  Drone  
  82  6:55  Baneling  
  82  6:56  Baneling x4  
  82  7:01  Drone  
  82  7:04  Extractor  
  82  7:05  Extractor  
  81  7:08  Drone  
  81  7:09  Drone x6  
  81  7:12  Extractor  
  83  7:24  Queen  
  83  7:27  Zergling x2  
  83  7:28  Zergling x12  
  85  7:34  Drone  
  85  7:35  Drone x2  
  85  7:36  Zergling x4  
  90  7:43  Zergling x2  
  90  7:44  Zergling x10  
  96  7:49  Baneling x6  
  93  7:58  Zergling x2  
  93  7:59  Zergling x10  
  93  8:02  Zerg Ground Armor Level 2, Zerg Melee Weapons Level 2  
  93  8:05  Zergling x6  
  102  8:09  Zergling x4  
  104  8:15  Overlord x2  
  102  8:23  Queen  
  102  8:26  Drone x4  
  94  8:27  Drone x2  
  94  8:28  Drone x2  
  94  8:35  Spire  
  94  8:40  Zergling x16  
  97  8:50  Zergling x6  
  97  8:54  Zergling x6  
  101  8:59  Zergling x12  
  106  9:05  Baneling x16  
  106  9:08  Zergling x4  
  104  9:15  Zergling x2  
  96  9:18  Zergling x2  
  73  9:27  Zergling x4  
  73  9:28  Zergling x2  
  69  9:32  Zergling x4  
  69  9:36  Zergling x2  
  72  9:39  Zergling x10  
  72  9:45  Zergling x4  
  69  9:53  Zergling x6  
  67  10:00  Hatchery  
  67  10:03  Mutalisk  
  67  10:04  Mutalisk x4  
  73  10:08  Mutalisk x3  
  79  10:16  Mutalisk, Baneling x8  
Tags
 
Add a new tag
Caveats
  • Supply blocks, unpowered buildings, or Contaminate may cause inaccurate times.
  • Supply counts are checked every 10 seconds.